 Dungeon Crawl Stone Soup version 0.26.1 (webtiles) character file.

Game seed: 14977395211027328019

2839 BOMJPIETVODKU the Skirmisher (level 9, 0/71 HPs)
             Began as a Demonspawn Fighter on Feb 5, 2021.
             Was an Initiate of Gozag.
             Slain by a tentacle (13 damage)
             ... attached to a kraken
             ... on level 2 of the Abyss on Feb 6, 2021.
             The game lasted 00:21:20 (7518 turns).

BOMJPIETVODKU the Skirmisher (Demonspawn Fighter)   Turns: 7518, Time: 00:21:20

Health: 0/71       AC: 20    Str: 19    XL:     9   Next: 46%
Magic:  9/9        EV: 11    Int: 10    God:    Gozag
Gold:   418        SH: 11    Dex: 19    Spells: 8/8 levels left

rFire    + + .     SeeInvis .   y - +4 whip of the Whale {venom, rF+ Dex+6}
rCold    + . .     Faith    .   c - +0 kite shield
rNeg     . . .     Spirit   .   D - +4 ring mail {rC+}
rPois    .         Reflect  .   i - +0 helmet
rElec    .         Harm     .   H - +0 cloak
rCorr    .         Rampage  .   m - +0 pair of gloves
Will     .....                  (no boots)
Stlth    +.........             h - amulet of regeneration
HPRegen  0.61/turn              J - +4 ring of protection
MPRegen  0.11/turn              g - ring of protection from fire (curse)

@: mighty, brilliant, very slow
A: talons 2, yellow scales 1, demonic guardian 1, powered by pain 1
a: Renounce Religion, Potion Petition, Call Merchant, Bribe Branch


You were on level 2 of the Abyss.
You worshipped Gozag.
Gozag was aware of your devotion.
You visited 2 branches of the dungeon, and saw 7 of its levels.
You visited the Abyss 1 time.
You also visited: Sewer.

You collected 538 gold pieces.
You paid 120 gold pieces to Gozag.

Inventory:

Hand Weapons
 a - a +1 long sword
 y - the +4 whip of the Whale (weapon) {venom, rF+ Dex+6}
   (You found it on level 4 of the Dungeon)

   It poisons the flesh of those it strikes.
   It affects your dexterity (+6).
   It protects you from fire.
 C - a +7 flail of draining
Armour
 c - a +0 kite shield (worn)
 e - a +0 tower shield
 i - a +0 helmet (worn)
 k - a +0 plate armour
 m - a +0 pair of gloves (worn)
 D - a +4 ring mail of cold resistance (worn)
 H - a +0 cloak (worn)
Jewellery
 g - a cursed ring of protection from fire (right hand)
 h - an amulet of regeneration (around neck)
 o - an uncursed ring of protection from fire
 u - an uncursed ring of wizardry
 G - an uncursed ring of protection from cold
 J - a +4 ring of protection (left hand)
Wands
 F - a wand of iceblast (12)
 M - a wand of random effects (31)
Scrolls
 b - a scroll of teleportation
 f - 4 scrolls of remove curse
 j - a scroll of enchant weapon
 r - 2 scrolls of fear {unknown}
 t - a scroll of summoning {unknown}
 x - 10 scrolls of identify {unknown}
 z - a scroll of enchant armour {unknown}
 E - a scroll of noise {unknown}
 I - a scroll of blinking {unknown}
Potions
 d - 3 potions of might
 l - 6 potions of curing
 n - a potion of invisibility {unknown}
 p - 5 potions of brilliance
 q - a potion of mutation {unknown}
 s - 2 potions of heal wounds
 v - a potion of haste {unknown}
 w - a potion of berserk rage {unknown}
 A - a potion of resistance
 B - a potion of lignification {unknown}
 K - a potion of cancellation {unknown}
 L - a potion of ambrosia {unknown}


   Skills:
 * Level 6.6 Fighting
 + Level 4.5 Long Blades
 - Level 0.1 Maces & Flails
 + Level 6.0 Armour
 + Level 3.1 Dodging
 - Level 1.0 Stealth
 + Level 6.4 Shields
 * Level 4.2 Unarmed Combat


You had 8 spell levels left.
You didn't know any spells.
Your spell library contained the following spells:

 Spells                   Type           Power        Failure   Level
 Beastly Appendage        Tmut           0%           88%         1
 Foxfire                  Conj/Fire      0%           88%         1
 Wereblood                Tmut           0%           96%         2
 Conjure Flame            Conj/Fire      0%           99%         3
 Inner Flame              Hex/Fire       0%           99%         3
 Spider Form              Tmut/Pois      0%           99%         3
 Ice Form                 Ice/Tmut       0%           100%        4
 Sticky Flame             Conj/Fire      0%           100%        4
 Blade Hands              Tmut           0%           100%        5
 Fireball                 Conj/Fire      0%           100%        5


Dungeon Overview and Level Annotations

Branches:
Dungeon (6/15)             Temple (1/1) D:6           Sewer (visited)

Altars:
Ashenzari
Cheibriados
Dithmenos
Elyvilon
Gozag
Kikubaaqudgha
Makhleb
Nemelex Xobeh
Okawaru
Qazlal
Ru
Trog
Uskayaw
Vehumet
Xom
The Shining One

Portals:
Abyss: D:6

Annotations:
D:6 1 transporter


Innate Abilities, Weirdness & Mutations

You have razor-sharp toenails.
You are partially covered in yellow scales. (AC +2)
A weak demonic guardian rushes to your aid.
You sometimes gain a little power by taking damage.


Message History

The tentacle closely misses you. x3
The tentacle slaps you but does no damage.
You whack the tentacle!
The tentacle looks as sick as possible!
You claw the tentacle.
The tentacle is moderately wounded.
The tentacle slaps you but does no damage.
You block the tentacle's attack. The tentacle slaps you. x2
Your iron imp barely misses the tentacle.
You whack the tentacle!
The tentacle looks as sick as possible!
You claw the tentacle!
The tentacle is almost dead.
The tentacle slaps you but does no damage.
The tentacle barely misses you. The tentacle slaps you!
You block the tentacle's attack. x2
The tentacle slaps you but does no damage.
Your iron imp hits the tentacle.
The tentacle slaps you!
* * * LOW HITPOINT WARNING * * *
The tentacle slaps you!
You die...
Your body crumbles into a pile of gold.

.# #### .##.
.#...# ...
#...#.#####.## #
.....≈≈≈≈....#.##
...≈≈≈≈.≈.≈......
#≈≈≈≈≈w@≈≈≈≈.#
.≈.≈≈≈www≈≈.##
#.≈.≈≈≈X≈5≈.#
..≈≈≈≈∩≈≈≈≈.#
.≈..≈≈≈≈≈≈≈.#
#.≈≈≈≈≈≈≈≈≈..#
..≈≈≈≈≈≈.≈.....
#.≈≈≈≈≈.≈≈≈....#
..≈≈.≈≈..... .#


You could see a kraken, 4 tentacles and a friendly iron imp (summoned).

Vanquished Creatures
  An ugly thing (D:6)
  The ghost of brucemayne the Cleaver, an amateur HOMo of Makhleb (D:6)
  A hornet (D:6)
  Prince Ribbit (D:6)
  3 small abominations
  A fire bat (D:4)
  Menkaure (D:6)
  Edmund (D:5)
  2 centaurs (D:5)
  A big kobold (Sewer)
  Blork the orc (D:5)
  A howler monkey (D:6)
  2 jellies (D:5)
  A quasit (D:4)
  A bullfrog zombie (D:5)
  An orc priest (D:6)
  2 hounds
  Ijyb (D:3)
  Crazy Yiuf (D:5)
  5 orc wizards
  2 iguanas (D:6)
  3 worker ants
  Robin (D:3)
  11 adders
  2 shadow imps (D:5)
  2 white imps (D:6)
  An ufetubus (D:5)
  3 worms
  A dart slug (D:2)
  5 leopard geckos
  16 orcs
  7 giant cockroaches
  15 goblins
  7 hobgoblins
  3 jackals (D:2)
  4 ball pythons
  16 bats
  9 frilled lizards
  21 kobolds
  2 quokka skeletons
  A quokka zombie (D:6)
  12 rats
173 creatures vanquished.

Vanquished Creatures (collateral kills)
  A scorpion (D:2)
  Jessica (D:3)
  An adder (D:3)
  An ufetubus (Abyss:2)
  A jackal (D:2)
  A goblin (D:2)
  A kobold (D:2)
7 creatures vanquished.

Vanquished Creatures (others)
  A fungus (D:5)
  A plant (Sewer)
2 creatures vanquished.

Grand Total: 182 creatures vanquished

Notes
Turn   | Place    | Note
-------+----------+-------------------------------------------
     0 | D:1      | BOMJPIETVODKU the Demonspawn Fighter began the quest for
                  | the Orb.
     0 | D:1      | Reached XP level 1. HP: 18/18 MP: 1/1
   355 | D:1      | Gained mutation: A weak demonic guardian rushes to your
                  | aid. [demonic ancestry]
   355 | D:1      | Reached XP level 2. HP: 24/24 MP: 2/2
  1111 | D:1      | Reached XP level 3. HP: 3/29 MP: 3/3
  2008 | D:2      | Reached XP level 4. HP: 24/35 MP: 4/4
  2185 | D:2      | Reached XP level 5. HP: 38/41 MP: 5/5
  2533 | D:3      | Noticed Jessica
  2541 | D:3      | Killed Jessica
  2613 | D:3      | Noticed Robin
  2647 | D:3      | Killed Robin
  2714 | D:3      | Noticed Ijyb
  2716 | D:3      | Paralysed by Ijyb for 4 turns
  2723 | D:3      | Paralysed by Ijyb for 2 turns
  2729 | D:3      | Paralysed by Ijyb for 5 turns
  2736 | D:3      | Killed Ijyb
  2765 | D:3      | Found a glowing drain.
  2811 | Sewer    | Entered a sewer
  3033 | Sewer    | Gained mutation: You have sharp toenails. [demonic
                  | ancestry]
  3033 | Sewer    | Reached XP level 6. HP: 48/48 MP: 6/6
  3657 | D:4      | Found a transporter.
  3660 | D:4      | Noticed a fire bat
  3761 | D:4      | Found a transporter.
  3883 | D:4      | Got a warped whip
  3884 | D:4      | Identified the +4 whip of the Whale {venom, rF+ Dex+6} (You
                  | found it on level 4 of the Dungeon)
  4489 | D:4      | Killed a fire bat
  4490 | D:4      | Reached skill level 1 in Unarmed Combat
  4490 | D:4      | Gained mutation: You sometimes gain a little power by
                  | taking damage. [demonic ancestry]
  4490 | D:4      | Reached XP level 7. HP: 54/54 MP: 7/7
  4601 | D:5      | Entered Level 5 of the Dungeon
  4601 | D:5      | Noticed Edmund
  4697 | D:5      | Killed Edmund
  4971 | D:5      | Found a stormy altar of Qazlal.
  5085 | D:5      | Gained mutation: You are partially covered in yellow
                  | scales. (AC +2) [demonic ancestry]
  5085 | D:5      | Reached XP level 8. HP: 31/61 MP: 8/8
  5183 | D:5      | Noticed Blork the orc
  5193 | D:5      | Killed Blork the orc
  5194 | D:5      | Reached skill level 1 in Dodging
  5194 | D:5      | Reached skill level 1 in Stealth
  5194 | D:5      | Reached skill level 5 in Shields
  5238 | D:5      | Found a runed translucent door.
  5239 | D:5      | Noticed Crazy Yiuf
  5246 | D:5      | Killed Crazy Yiuf
  5448 | D:5      | Reached skill level 5 in Fighting
  5654 | D:6      | Noticed brucemayne's ghost (amateur HOMo)
  5656 | D:6      | Noticed a red ugly thing
  5665 | D:6      | Found a transporter.
  5675 | D:6      | Found a transporter.
  5779 | D:6      | Found a one-way gate to the infinite horrors of the Abyss.
  5796 | D:6      | Found a staircase to the Ecumenical Temple.
  5809 | Temple   | Entered the Ecumenical Temple
  5817 | Temple   | Became a worshipper of Gozag Ym Sagoz the Greedy
  5855 | D:6      | Noticed Prince Ribbit
  5862 | D:6      | Killed Prince Ribbit
  5863 | D:6      | Reached skill level 5 in Armour
  5895 | D:6      | Noticed Menkaure
  5903 | D:6      | Killed Menkaure
  6020 | D:6      | Noticed a hornet
  6029 | D:6      | Killed a hornet
  7066 | D:6      | Gained mutation: You have razor-sharp toenails. [demonic
                  | ancestry]
  7066 | D:6      | Reached XP level 9. HP: 50/69 MP: 9/9
  7078 | D:6      | Killed a red ugly thing
  7082 | D:6      | Killed brucemayne's ghost
  7162 | D:6      | Cast into level 2 of the Abyss (orc warrior)
  7191 | Abyss:2  | Found a corrupted altar of Lugonu.
  7199 | Abyss:2  | Found a shimmering blue altar of Sif Muna.
  7212 | Abyss:2  | Noticed a red devil
  7259 | Abyss:2  | Noticed a smoke demon
  7374 | Abyss:2  | Noticed a thrashing horror
  7380 | Abyss:2  | Noticed a smoke demon
  7495 | Abyss:2  | Noticed an ancient zyme
  7514 | Abyss:2  | Noticed a kraken
  7518 | Abyss:2  | Slain by a tentacle

Illustrated notes

Levels and vault maps discovered:
D:1:      dpeg_arrival_pits, layout_basic
D:2:      wad_pebble_path, layout_basic
D:3:      layout_rooms, portal_sewer_entry_e, skrybe_limestone_x,
          palyth_stone_intersect, uniq_ijyb, uniq_robin, uniq_jessica
D:4:      gammafunk_cloud_chamber, layout_basic
D:5:      layout_loops_cross, minmay_misc_feat_x, minmay_misc_feat_five,
          nicolae_qazlal_general_emergency, uniq_crazy_yiuf_cottage,
          uniq_edmund, uniq_blork_the_orc
D:6:      layout_layer_cave, minmay_temple_entry_tees,
          gammafunk_ghost_abyssal_escape, uniq_prince_ribbit1, uniq_menkaure
Temple:   dpeg_three_leaves_temple
Abyss:2:  base: D:2, evilmike_abyss_exit_kraken

Skill      XL: |  1  2  3  4  5  6  7  8  9 |
---------------+----------------------------+-----
Armour         | 3 4 5 6 |  6.0
Long Blades    | 2 3 4 |  4.5
Shields        | 3 4 5 6 |  6.4
Fighting       | 4 6 |  6.6
Unarmed Combat | 1 2 3 4 |  4.2
Dodging        | 2 3 |  3.1
Stealth        | 1 |  1.0
Maces & Flails | |  0.1

Action                   |  1- 3 |  4- 6 |  7- 9 || total
-------------------------+-------+-------+-------++-------
Melee: Long sword        |   170 |   286 |       ||   456
       Kick              |       |    14 |    76 ||    90
       Whip              |       |     9 |   195 ||   204
  Use: Scroll            |       |     4 |     4 ||     8
       Potion            |       |       |     4 ||     4
 Stab: Distracted        |       |       |     1 ||     1
       Sleeping          |       |       |     1 ||     1
Armor: Scale mail        |   123 |    17 |       ||   140
       Plate armour      |       |   281 |    78 ||   359
       Ring mail         |       |       |    74 ||    74
Dodge: Dodged            |    56 |    75 |    54 ||   185
Block: Kite shield       |   116 |   228 |   142 ||   486
       Rpst.: Long sword |    14 |    23 |       ||    37
